Workbook
Name \a: #REF!
Name \a: #REF!
Name \a: #REF!
Name \a: #REF!
Name \a: #REF!
Name \a: #REF!
Name \a: #REF!
Name \s: #REF!
Name \s: #REF!
Name \s: #REF!
Name \s: #REF!
Name \s: #REF!
Name \s: #REF!
Name \s: #REF!
Name \X: '1,3'!err
Name \X: [0]!err
Name \Z: '1,3'!err
Name \Z: [0]!err
Name _________________________________________________AFC1: [1]INV!$A$25:$D$28
Name _________________________________________________AFC3: [1]INV!$F$25:$I$28
Name _________________________________________________AFC5: [1]INV!$K$25:$N$28
Name _________________________________________________BGC1: [1]INV!$A$5:$D$8
Name _________________________________________________BGC3: [1]INV!$F$5:$I$8
Name _________________________________________________BGC5: [1]INV!$K$5:$N$8
Name _________________________________________________CAC1: [1]INV!$A$19:$D$22
Name _________________________________________________CAC3: [1]INV!$F$19:$I$22
Name _________________________________________________CAC5: [1]INV!$K$19:$N$22
Name _________________________________________________i1: #REF!
Name _________________________________________________i1: #REF!
Name _________________________________________________i1: #REF!
Name _________________________________________________i1: #REF!
Name _________________________________________________i1: #REF!
Name _________________________________________________i1: #REF!
Name _________________________________________________i1: #REF!
Name _________________________________________________SBC1: [1]INV!$A$12:$D$15
Name _________________________________________________SBC3: [1]INV!$F$12:$I$15
Name _________________________________________________SBC5: [1]INV!$K$12:$N$15
Name ________________________________________________AFC1: [1]INV!$A$25:$D$28
Name ________________________________________________AFC3: [1]INV!$F$25:$I$28
Name ________________________________________________AFC5: [1]INV!$K$25:$N$28
Name ________________________________________________BGC1: [1]INV!$A$5:$D$8
Name ________________________________________________BGC3: [1]INV!$F$5:$I$8
Name ________________________________________________BGC5: [1]INV!$K$5:$N$8
Name ________________________________________________CAC1: [1]INV!$A$19:$D$22
Name ________________________________________________CAC3: [1]INV!$F$19:$I$22
Name ________________________________________________CAC5: [1]INV!$K$19:$N$22
Name ________________________________________________i1: #REF!
Name ________________________________________________i1: #REF!
Name ________________________________________________i1: #REF!
Name ________________________________________________i1: #REF!
Name ________________________________________________i1: #REF!
Name ________________________________________________i1: #REF!
Name ________________________________________________i1: #REF!
Name ________________________________________________SBC1: [1]INV!$A$12:$D$15
Name ________________________________________________SBC3: [1]INV!$F$12:$I$15
Name ________________________________________________SBC5: [1]INV!$K$12:$N$15
Name _______________________________________________AFC1: [1]INV!$A$25:$D$28
Name _______________________________________________AFC3: [1]INV!$F$25:$I$28
Name _______________________________________________AFC5: [1]INV!$K$25:$N$28
Name _______________________________________________BGC1: [1]INV!$A$5:$D$8

Sheet PTO OFICIAL
A1: REPÚBLICA DE COLOMBIA
A2: MINISTERIO DE TRANSPORTE
A3: INSTITUTO NACIONAL DE VÍAS
A5: ADECUACIÓN Y MANTENIMIENTO DE LA SEDE INVIAS DE LA DIRECCIÓN TERRITORIAL DE NARIÑO
A7: PRESUPUESTO OFICIAL
A10: ÍTEM | B10: DESCRIPCIÓN | C10: UNIDAD | D10: CANTIDAD | E10: PRECIO UNITARIO | F10: PRECIO TOTAL
A11: 1. INSTALACIONES ELÉCTRICAS, RED DE DATOS y RETIE
A12: 1.1 | B12: SALIDA ILUMINACIÓN INCLUYE LUMINARIA 24 V PARA BAÑOS DE HOBMRES Y DE MUJERES PRIMER PISO | C12: UND | D12: 10 | E12: =+'1,1'!L75 -> 83318 | F12: =+D12*E12 -> 833180
A13: 1.2 | B13: SALIDA ILUMINACIÓN INCLUYE LUMINARIA TIPO BALA PARA OFICINA JURÍDICA SEGUNDO PISO, INCLUYE RESANES | C13: UND | D13: 5 | E13: =+'1,2'!L75 -> 100985 | F13: =+D13*E13 -> 504925
A14: 1.3 | B14: REPOSICIÓN DE LAMPARAS LED CIRCULAR AUDITORIO | C14: UND | D14: 10 | E14: =+'1,3'!L80 -> 63170 | F14: =+D14*E14 -> 631700
A15: 1.4 | B15: REPOSICIÓN DE LAMPARAS LED TIPO BALA - OFICINAS | C15: UND | D15: 10 | E15: =+'1,4'!L80 -> 124447 | F15: =+D15*E15 -> 1244470
A16: 1.5 | B16: MONTO AGOTABLE PARA REPARACIONES INSTALACIONES ELÉCTRICAS Y DE DATOS DE ACUERDO AL DIAGNÓSTICO INTERNO RETIE, INCLUYE TRAMITE CERTIFICACIÓN | C16: GLB | D16: 1 | E16: 14007904 | F16: =+D16*E16 -> 14007904 | G16: NO MODIFICAR
D17: SUBTOTAL CAP 1 | F17: =SUM(F12:F16) -> 17222179
A19: 2. OBRAS CIVILES
A20: ÍTEM | B20: DESCRIPCIÓN | C20: UNIDAD | D20: CANTIDAD | E20: PRECIO UNITARIO | F20: PRECIO TOTAL
A21: 2.1 | B21: PINTURA DE VINILO TIPO 1 SOBRE MURO | C21: M2 | D21: 850 | E21: =+'2,1'!L74 -> 18020 | F21: =+D21*E21 -> 15317000
A22: 2.2 | B22: PINTURA ESMALTE PARA VENTANAS - 1 CARA | C22: ML | D22: 60 | E22: =+'2,2'!L76 -> 9394 | F22: =ROUND(D22*E22,0) -> 563640
A23: 2.3 | B23: REPARACIONES DE DE CUBIERTA EN ETERNIT - QUITA GOTERAS | C23: M2 | D23: 2 | E23: =+'2,3'!L77 -> 18852 | F23: =ROUND(D23*E23,0) -> 37704
A24: 2.4 | B24: SUMINISTRO E INSTALACIÓN DE CANAL PLÁSTICO Y ACCESORIOS PARA AGUAS LLUVIAS | C24: ML | D24: 35 | E24: ='2,4'!L77 -> 67556 | F24: =ROUND(D24*E24,0) -> 2364460
A25: 2.5 | B25: SUMINISTRO E INSTALACIÓN DE PASAMANO METÁLICO (ZONA DE GRADAS DE BLOQUE 1 Y ZONAS CONTIGUAS) | C25: ML | D25: 33 | E25: =+'2,5'!L74 -> 294612 | F25: =D25*E25 -> 9722196
A26: 2.6 | B26: SUMINISTRO DE VENTANERIA ALUMINIO BLOQUE 2- INCLUYE VIDRIO 4MM | C26: M2 | D26: 15 | E26: =+'2,6'!L75 -> 314082 | F26: =D26*E26 -> 4711230
A27: 2.7 | B27: MANTENIMIENTO Y REPARACIÓN DE PUERTA DE VIDRIO | C27: UND | D27: 1 | E27: ='2,7'!L75 -> 404067 | F27: =D27*E27 -> 404067
A28: 2.8 | B28: MANTENIMIENTO Y REPARACIÓN DE PUERTA METÁLICA | C28: UND | D28: 3 | E28: ='2,8'!L75 -> 20323 | F28: =D28*E28 -> 60969
A29: 2.9 | B29: SUMINISTRO E INSTALACIÓN DE CIELO RASO DE PVC | C29: M2 | D29: 30 | E29: ='2,9'!L82 -> 69925 | F29: =D29*E29 -> 2097750
A30: 2.1 | B30: CONCRETO PARA NIVELACION ACCESO PRINCIPAL | C30: M3 | D30: 2 | E30: =+'2,10'!L77 -> 1047069 | F30: =D30*E30 -> 2094138
A31: 2.11 | B31: MONTO AGOTABLE PARA REPARACINES VARIAS O FORTUITAS DE LOS EDIFICIOS DE LA SEDE. INCLUYE EXTERIORES E INTERIORES. | C31: GLB | D31: 1 | E31: 5806373 | F31: =D31*E31 -> 5806373 | G31: NO MODIFICAR
C32: SUBTOTAL CAP 2 | F32: =SUM(F21:F31) -> 43179527
B33: COSTO BÁSICO TOTAL | F33: =F32+F17 -> 60401706
B34: VALOR IVA | F34: =ROUND(+(F33/(1+F43))*F42*0.19,0) -> 448294
C35: TOTAL OBRA | F35: =SUM(F33:F34) -> 60850000
A39: NOTAS | C39: DESCRIPCIÓN | E39: DESCRIPCIÓN
A40: NOTA 1. Se debe tener en cuenta que el PRECIO UNITARIO incluye el costo de A. I. U. | C40: ADMINISTRACIÓN | E40: A | F40: 0.2
A41: NOTA 2. Cuando la fracción decimal del peso sea igual o mayor que 5, se aproxima por exceso al número entero siguiente del peso, y cuando la fracción decimal del peso sea menor que 5, se aproxima por defecto al número entero del peso. | C41: IMPREVISTO | E41: I | F41: 0.03
C42: UTILIDAD | E42: U | F42: 0.05
A43: NOTA 3. El A. I. U. y su discriminación deben estar en porcentaje (%). | C43: COSTO TOTAL DE A. I. U. | E43: A. I. U. | F43: =F40+F41+F42 -> 0.28

Sheet 1,1
I1: CÓDIGO | J1: MINFRA-MN-IN-10-FR-1
B2: INSTITUTO NACIONAL DE VÍAS
B3: PROCESO DE GESTIÓN DE LA INFRAESTRUCTURA VIAL | I3: VERSIÓN | J3: 1
B4: MANUAL DE INTERVENTORÍA OBRA PÚBLICA
B5: ANÁLISIS DE PRECIOS UNITARIOS | I5: PÁGINA | K5: DE
I8: FECHA
J9: (Día) | K9: (Mes) | L9: (Año)
A10: ITEMS DE LA PROPUESTA ECONÓMICA | G10: ITEMS NO PREVISTOS
A11: UNIDAD EJECUTORA: | H11: DIRECCIÓN TERRITORIAL: | I11: NARIÑO
A14: CONTRATO No. | C14: DE
A15: OBJETO DEL CONTRATO:
A18: CARRETERA: | H18: SECTOR:
A20: CONTRATISTA:
A22: INTERVENTOR: | I22: CTO No.: | K22: DE
A24: FECHA CIERRE PROCESO DE SELECCIÓN CONTRATO DE OBRA:
E25: (Día) | G25: (Mes) | H25: (Año)
A27: DATOS ESPECÍFICOS
A29: ITEM | B29: DESCRIPCIÓN | I29: GRUPO DE AJUSTE | J29: UNIDAD | L29: CANTIDAD
A30: =+#REF! -> #REF! | B30: =+#REF! -> #REF! | J30: =+#REF! -> #REF! | L30: =+#REF! -> #REF!
A32: I. EQUIPO
A34: DESCRIPCIÓN | G34: TIPO | I34: TARIFA/HORA | J34: RENDIMIENTO | L34: Vr. UNITARIO
A35: Herramienta menor | I35: 10000 | J35: =10% -> 0.1 | L35: =J35*I35 -> 1000
A40: SUBTOTAL $ | L40: =SUM(L35:L39) -> 1000
A42: II. MATERIALES
A44: DESCRIPCIÓN | H44: UNIDAD | I44: CANTIDAD | J44: PRECIO UNIT. | L44: Vr. UNITARIO
A45: Alambre de cobre aisladoTHNN No. 14 | H45: ML | I45: 6 | J45: 3333 | L45: =+I45*J45 -> 19998
A46: Caja plástica conduit sencilla | H46: UND | I46: 1 | J46: 800 | L46: =+I46*J46 -> 800
A47: Cinta Aislante 3/4 | H47: ML | I47: 3 | J47: 600 | L47: =+I47*J47 -> 1800
A48: Lámpara hermética led 24w | H48: UND | I48: 1 | J48: 19900 | L48: =+I48*J48 -> 19900
A49: SUBTOTAL $ | L49: =SUM(L45:L48) -> 42498
A51: III. TRANSPORTES
A53: MATERIAL | F53: UNIDAD | G53: CANTIDAD (1) | H53: DISTANCIA (2) | I53: CANTIDAD * DISTANCIA (1) * (2) | J53: TARIFA | L53: Vr. UNITARIO
A56: SUBTOTAL $ | L56: =SUM(L54:L55) -> 0
A58: IV. MANO DE OBRA
A60: DESCRIPCIÓN | G60: JORNAL | H60: PRESTACIONES | I60: JORNAL TOTAL | J60: RENDIMIENTO | L60: Vr. UNITARIO
A61: OBREROS (1) | G61: =1750905/30 -> 58363.5 | H61: 1.85 | I61: =+G61*H61 -> 107972.48 | J61: 15 | L61: =+I61/J61 -> 7198.165
A62: OFICIAL | G62: =2*G61 -> 116727 | H62: 1.85 | I62: =+G62*H62 -> 215944.95 | J62: 15 | L62: =+I62/J62 -> 14396.33
A63: SUBTOTAL $ | L63: =SUM(L61:L62) -> 21594.495
A65: TOTAL COSTO DIRECTO $ | L65: =+L40+L49+L56+L63 -> 65092.495
A67: V. COSTOS INDIRECTOS
A69: DESCRIPCIÓN | I69: Porcentaje | J69: Valor Total
A70: ADMINISTRACIÓN | I70: 0.2 | J70: =+$L$65*I70 -> 13018.499
A71: IMPREVISTOS | I71: 0.03 | J71: =+$L$65*I71 -> 1952.7748
A72: UTILIDAD | I72: 0.05 | J72: =+$L$65*I72 -> 3254.6247
A73: SUBTOTAL $ | L73: =SUM(J70:K72) -> 18225.899
A75: Precio Unitario Total Aproximado al peso $ | L75: =ROUND(L65+L73,0) -> 83318
D80: Firma
D81: Nombre:
D82: Representante Legal del Contratista o su Apoderado
D83: Matricula No. :
A85: OBSERVACIONES INTERVENTORÍA:
A91: APROBACIÓN POR INTERVENTORÍA
A92: Nota 1: Cuando se trate de Análisis de precios unitarios correspondientes a ítems de la propuesta económica aprobada, el Interventor aprueba el desglose de los componentes manteniendo el mismo precio unitario de cada ítem, cumpliendo con las especificaciones de construcción vigentes para el proyecto.
A94: Nota 2: Cuando se trate de Análisis de precios unitarios de ítems no previstos, el Interventor aprueba el desglose y precio unitario de cada ítem no previsto, exigiendo la aplicación de los costos correspondientes a insumos y tarifas de la propuesta económica inicial cuando estén contemplados, cumpliendo con las especificaciones de construcción vigente para el proyecto.
D100: Firma
D101: Nombre:
D102: Representante Legal del Interventor o su Apoderado
D103: Matricula No. :
A105: Original: Archivo de Gestión del Contrato (Subdirección Administrativa).
A106: Copias: Unidad Ejecutora, Contratista, Interventor y Dirección Territorial.

Sheet 1,2
I1: CÓDIGO | J1: MINFRA-MN-IN-10-FR-1
B2: INSTITUTO NACIONAL DE VÍAS
B3: PROCESO DE GESTIÓN DE LA INFRAESTRUCTURA VIAL | I3: VERSIÓN | J3: 1
B4: MANUAL DE INTERVENTORÍA OBRA PÚBLICA
B5: ANÁLISIS DE PRECIOS UNITARIOS | I5: PÁGINA | K5: DE
I8: FECHA
J9: (Día) | K9: (Mes) | L9: (Año)
A10: ITEMS DE LA PROPUESTA ECONÓMICA | G10: ITEMS NO PREVISTOS
A11: UNIDAD EJECUTORA: | H11: DIRECCIÓN TERRITORIAL: | I11: NARIÑO
A14: CONTRATO No. | C14: DE
A15: OBJETO DEL CONTRATO:
A18: CARRETERA: | H18: SECTOR:
A20: CONTRATISTA:
A22: INTERVENTOR: | I22: CTO No.: | K22: DE
A24: FECHA CIERRE PROCESO DE SELECCIÓN CONTRATO DE OBRA:
E25: (Día) | G25: (Mes) | H25: (Año)
A27: DATOS ESPECÍFICOS
A29: ITEM | B29: DESCRIPCIÓN | I29: GRUPO DE AJUSTE | J29: UNIDAD | L29: CANTIDAD
A30: =+#REF! -> #REF! | B30: =+#REF! -> #REF! | J30: =+#REF! -> #REF! | L30: =+#REF! -> #REF!
A32: I. EQUIPO
A34: DESCRIPCIÓN | G34: TIPO | I34: TARIFA/HORA | J34: RENDIMIENTO | L34: Vr. UNITARIO
A35: Herramienta menor | I35: 10000 | J35: =10% -> 0.1 | L35: =J35*I35 -> 1000
A40: SUBTOTAL $ | L40: =SUM(L35:L39) -> 1000
A42: II. MATERIALES
A44: DESCRIPCIÓN | H44: UNIDAD | I44: CANTIDAD | J44: PRECIO UNIT. | L44: Vr. UNITARIO
A45: Alambre de cobre aisladoTHNN No. 14 | H45: ML | I45: 6 | J45: 2300 | L45: =+I45*J45 -> 13800
A46: Caja plástica conduit sencilla | H46: UND | I46: 1 | J46: 800 | L46: =+I46*J46 -> 800
A47: Cinta Aislante 3/4 | H47: ML | I47: 3 | J47: 600 | L47: =+I47*J47 -> 1800
A48: Lámpara hermética led 18w | H48: UND | I48: 1 | J48: 39900 | L48: =+I48*J48 -> 39900
A49: SUBTOTAL $ | L49: =SUM(L45:L48) -> 56300
A51: III. TRANSPORTES
A53: MATERIAL | F53: UNIDAD | G53: CANTIDAD (1) | H53: DISTANCIA (2) | I53: CANTIDAD * DISTANCIA (1) * (2) | J53: TARIFA | L53: Vr. UNITARIO
A56: SUBTOTAL $ | L56: =SUM(L54:L55) -> 0
A58: IV. MANO DE OBRA
A60: DESCRIPCIÓN | G60: JORNAL | H60: PRESTACIONES | I60: JORNAL TOTAL | J60: RENDIMIENTO | L60: Vr. UNITARIO
A61: OBREROS (1) | G61: =1750905/30 -> 58363.5 | H61: 1.85 | I61: =+G61*H61 -> 107972.48 | J61: 15 | L61: =+I61/J61 -> 7198.165
A62: OFICIAL | G62: =2*G61 -> 116727 | H62: 1.85 | I62: =+G62*H62 -> 215944.95 | J62: 15 | L62: =+I62/J62 -> 14396.33
A63: SUBTOTAL $ | L63: =SUM(L61:L62) -> 21594.495
A65: TOTAL COSTO DIRECTO $ | L65: =+L40+L49+L56+L63 -> 78894.495
A67: V. COSTOS INDIRECTOS
A69: DESCRIPCIÓN | I69: Porcentaje | J69: Valor Total
A70: ADMINISTRACIÓN | I70: 0.2 | J70: =+$L$65*I70 -> 15778.899
A71: IMPREVISTOS | I71: 0.03 | J71: =+$L$65*I71 -> 2366.8348
A72: UTILIDAD | I72: 0.05 | J72: =+$L$65*I72 -> 3944.7247
A73: SUBTOTAL $ | L73: =SUM(J70:K72) -> 22090.459
A75: Precio Unitario Total Aproximado al peso $ | L75: =ROUND(L65+L73,0) -> 100985
D80: Firma
D81: Nombre:
D82: Representante Legal del Contratista o su Apoderado
D83: Matricula No. :
A85: OBSERVACIONES INTERVENTORÍA:
A91: APROBACIÓN POR INTERVENTORÍA
A92: Nota 1: Cuando se trate de Análisis de precios unitarios correspondientes a ítems de la propuesta económica aprobada, el Interventor aprueba el desglose de los componentes manteniendo el mismo precio unitario de cada ítem, cumpliendo con las especificaciones de construcción vigentes para el proyecto.
A94: Nota 2: Cuando se trate de Análisis de precios unitarios de ítems no previstos, el Interventor aprueba el desglose y precio unitario de cada ítem no previsto, exigiendo la aplicación de los costos correspondientes a insumos y tarifas de la propuesta económica inicial cuando estén contemplados, cumpliendo con las especificaciones de construcción vigente para el proyecto.
D100: Firma
D101: Nombre:
D102: Representante Legal del Interventor o su Apoderado
D103: Matricula No. :
A105: Original: Archivo de Gestión del Contrato (Subdirección Administrativa).
A106: Copias: Unidad Ejecutora, Contratista, Interventor y Dirección Territorial.

Sheet 1,3
I1: CÓDIGO | J1: MINFRA-MN-IN-10-FR-1
B2: INSTITUTO NACIONAL DE VÍAS
B3: PROCESO DE GESTIÓN DE LA INFRAESTRUCTURA VIAL | I3: VERSIÓN | J3: 1
B4: MANUAL DE INTERVENTORÍA OBRA PÚBLICA
B5: ANÁLISIS DE PRECIOS UNITARIOS | I5: PÁGINA | K5: DE
I8: FECHA
J9: (Día) | K9: (Mes) | L9: (Año)
A10: ITEMS DE LA PROPUESTA ECONÓMICA | G10: ITEMS NO PREVISTOS
A11: UNIDAD EJECUTORA: | H11: DIRECCIÓN TERRITORIAL: | I11: NARIÑO
A14: CONTRATO No. | C14: DE
A15: OBJETO DEL CONTRATO:
A18: CARRETERA: | H18: SECTOR:
A20: CONTRATISTA:
A22: INTERVENTOR: | I22: CTO No.: | K22: DE
A24: FECHA CIERRE PROCESO DE SELECCIÓN CONTRATO DE OBRA:
E25: (Día) | G25: (Mes) | H25: (Año)
A27: DATOS ESPECÍFICOS
A29: ITEM | B29: DESCRIPCIÓN | I29: GRUPO DE AJUSTE | J29: UNIDAD | L29: CANTIDAD
A30: =+#REF! -> #REF! | B30: =+#REF! -> #REF! | J30: ='[100]PTO OF'!C29 -> UND | L30: =+#REF! -> #REF!
A32: I. EQUIPO
A34: DESCRIPCIÓN | G34: TIPO | I34: TARIFA/HORA | J34: RENDIMIENTO | L34: Vr. UNITARIO
A35: Herramienta menor | I35: 10000 | J35: =10% -> 0.1 | L35: =J35*I35 -> 1000
A40: SUBTOTAL $ | L40: =SUM(L35:L39) -> 1000
A42: II. MATERIALES
A44: DESCRIPCIÓN | H44: UNIDAD | I44: CANTIDAD | J44: PRECIO UNIT. | L44: Vr. UNITARIO
A45: LUMINARIA CIRCULAR LED | H45: UND | I45: 1 | J45: 38800 | L45: =+I45*J45 -> 38800
A46: ACCESORIOS DE FIJACIÓN | H46: GLB | I46: 1 | J46: 5500 | L46: =+I46*J46 -> 5500
A54: SUBTOTAL $ | L54: =SUM(L45:L53) -> 44300
A56: III. TRANSPORTES
A58: MATERIAL | F58: UNIDAD | G58: CANTIDAD (1) | H58: DISTANCIA (2) | I58: CANTIDAD * DISTANCIA (1) * (2) | J58: TARIFA | L58: Vr. UNITARIO
A61: SUBTOTAL $ | L61: =SUM(L59:L60) -> 0
A63: IV. MANO DE OBRA
A65: DESCRIPCIÓN | G65: JORNAL | H65: PRESTACIONES | I65: JORNAL TOTAL | J65: RENDIMIENTO | L65: Vr. UNITARIO
A66: OBREROS (1) | G66: =1750905/30 -> 58363.5 | H66: 1.85 | I66: =+G66*H66 -> 107972.48 | J66: 50 | L66: =+I66/J66 -> 2159.4495
A67: OFICIAL | G67: =2*G66 -> 116727 | H67: 1.85 | I67: =+G67*H67 -> 215944.95 | J67: 50 | L67: =+I67/J67 -> 4318.899
A68: SUBTOTAL $ | L68: =SUM(L66:L67) -> 6478.3485
A70: TOTAL COSTO DIRECTO $ | L70: =+L40+L54+L61+L68 -> 51778.349
A72: V. COSTOS INDIRECTOS
A74: DESCRIPCIÓN | I74: Porcentaje | J74: Valor Total
A75: ADMINISTRACIÓN | I75: 0.15 | J75: =+$L$70*I75 -> 7766.7523
A76: IMPREVISTOS | I76: 0.02 | J76: =+$L$70*I76 -> 1035.567
A77: UTILIDAD | I77: 0.05 | J77: =+$L$70*I77 -> 2588.9174
A78: SUBTOTAL $ | L78: =SUM(J75:K77) -> 11391.237
A80: Precio Unitario Total Aproximado al peso $ | L80: =ROUND(L70+L78,0) -> 63170
D85: Firma
D86: Nombre:
D87: Representante Legal del Contratista o su Apoderado
D88: Matricula No. :
A90: OBSERVACIONES INTERVENTORÍA:
A96: APROBACIÓN POR INTERVENTORÍA
A97: Nota 1: Cuando se trate de Análisis de precios unitarios correspondientes a ítems de la propuesta económica aprobada, el Interventor aprueba el desglose de los componentes manteniendo el mismo precio unitario de cada ítem, cumpliendo con las especificaciones de construcción vigentes para el proyecto.
A99: Nota 2: Cuando se trate de Análisis de precios unitarios de ítems no previstos, el Interventor aprueba el desglose y precio unitario de cada ítem no previsto, exigiendo la aplicación de los costos correspondientes a insumos y tarifas de la propuesta económica inicial cuando estén contemplados, cumpliendo con las especificaciones de construcción vigente para el proyecto.
D105: Firma
D106: Nombre:
D107: Representante Legal del Interventor o su Apoderado
D108: Matricula No. :
A110: Original: Archivo de Gestión del Contrato (Subdirección Administrativa).
A111: Copias: Unidad Ejecutora, Contratista, Interventor y Dirección Territorial.

Sheet 1,4
I1: CÓDIGO | J1: MINFRA-MN-IN-10-FR-1
B2: INSTITUTO NACIONAL DE VÍAS
B3: PROCESO DE GESTIÓN DE LA INFRAESTRUCTURA VIAL | I3: VERSIÓN | J3: 1
B4: MANUAL DE INTERVENTORÍA OBRA PÚBLICA
B5: ANÁLISIS DE PRECIOS UNITARIOS | I5: PÁGINA | K5: DE
I8: FECHA
J9: (Día) | K9: (Mes) | L9: (Año)
A10: ITEMS DE LA PROPUESTA ECONÓMICA | G10: ITEMS NO PREVISTOS
A11: UNIDAD EJECUTORA: | H11: DIRECCIÓN TERRITORIAL: | I11: NARIÑO
A14: CONTRATO No. | C14: DE
A15: OBJETO DEL CONTRATO:
A18: CARRETERA: | H18: SECTOR:
A20: CONTRATISTA:
A22: INTERVENTOR: | I22: CTO No.: | K22: DE
A24: FECHA CIERRE PROCESO DE SELECCIÓN CONTRATO DE OBRA:
E25: (Día) | G25: (Mes) | H25: (Año)
A27: DATOS ESPECÍFICOS
A29: ITEM | B29: DESCRIPCIÓN | I29: GRUPO DE AJUSTE | J29: UNIDAD | L29: CANTIDAD
A30: =+#REF! -> #REF! | B30: =+#REF! -> #REF! | J30: =+'[101]PTO OF'!C41 -> UND | L30: =+#REF! -> #REF!
A32: I. EQUIPO
A34: DESCRIPCIÓN | G34: TIPO | I34: TARIFA/HORA | J34: RENDIMIENTO | L34: Vr. UNITARIO
A35: Herramienta menor | L35: =0.05*L68 -> 809.79356
A40: SUBTOTAL $ | L40: =SUM(L35:L39) -> 809.79356
A42: II. MATERIALES
A44: DESCRIPCIÓN | H44: UNIDAD | I44: CANTIDAD | J44: PRECIO UNIT. | L44: Vr. UNITARIO
A45: LAMPARA LUMINARIA LED TIPO BALA | H45: Und | I45: 1 | J45: 85000 | L45: =+I45*J45 -> 85000
L46: =+I46*J46 -> 0
L47: =+I47*J47 -> 0
A54: SUBTOTAL $ | L54: =SUM(L45:L53) -> 85000
A56: III. TRANSPORTES
A58: MATERIAL | F58: UNIDAD | G58: CANTIDAD (1) | H58: DISTANCIA (2) | I58: CANTIDAD * DISTANCIA (1) * (2) | J58: TARIFA | L58: Vr. UNITARIO
A61: SUBTOTAL $ | L61: =SUM(L59:L60) -> 0
A63: IV. MANO DE OBRA
A65: DESCRIPCIÓN | G65: JORNAL | H65: PRESTACIONES | I65: JORNAL TOTAL | J65: RENDIMIENTO | L65: Vr. UNITARIO
A66: OBREROS (2) | G66: =1750905/30 -> 58363.5 | H66: 1.85 | I66: =+G66*H66 -> 107972.48 | J66: 20 | L66: =+I66/J66 -> 5398.6238
A67: OFICIAL | G67: =G66*2 -> 116727 | H67: 1.85 | I67: =+G67*H67 -> 215944.95 | J67: 20 | L67: =+I67/J67 -> 10797.248
A68: SUBTOTAL $ | L68: =SUM(L66:L67) -> 16195.871
A70: TOTAL COSTO DIRECTO $ | L70: =+L40+L54+L61+L68 -> 102005.66
A72: V. COSTOS INDIRECTOS
A74: DESCRIPCIÓN | I74: Porcentaje | J74: Valor Total
A75: ADMINISTRACIÓN | I75: 0.15 | J75: =+$L$70*I75 -> 15300.85
A76: IMPREVISTOS | I76: 0.02 | J76: =+$L$70*I76 -> 2040.1133
A77: UTILIDAD | I77: 0.05 | J77: =+$L$70*I77 -> 5100.2832
A78: SUBTOTAL $ | L78: =SUM(J75:K77) -> 22441.246
A80: Precio Unitario Total Aproximado al peso $ | L80: =ROUND(L70+L78,0) -> 124447
D85: Firma
D86: Nombre:
D87: Representante Legal del Contratista o su Apoderado
D88: Matricula No. :
A90: OBSERVACIONES INTERVENTORÍA:
A96: APROBACIÓN POR INTERVENTORÍA
A97: Nota 1: Cuando se trate de Análisis de precios unitarios correspondientes a ítems de la propuesta económica aprobada, el Interventor aprueba el desglose de los componentes manteniendo el mismo precio unitario de cada ítem, cumpliendo con las especificaciones de construcción vigentes para el proyecto.
A99: Nota 2: Cuando se trate de Análisis de precios unitarios de ítems no previstos, el Interventor aprueba el desglose y precio unitario de cada ítem no previsto, exigiendo la aplicación de los costos correspondientes a insumos y tarifas de la propuesta económica inicial cuando estén contemplados, cumpliendo con las especificaciones de construcción vigente para el proyecto.
D105: Firma
D106: Nombre:
D107: Representante Legal del Interventor o su Apoderado
D108: Matricula No. :
A110: Original: Archivo de Gestión del Contrato (Subdirección Administrativa).
A111: Copias: Unidad Ejecutora, Contratista, Interventor y Dirección Territorial.

Sheet 2,1
I1: CÓDIGO | J1: MINFRA-MN-IN-10-FR-1
B2: INSTITUTO NACIONAL DE VÍAS
B3: PROCESO DE GESTIÓN DE LA INFRAESTRUCTURA VIAL | I3: VERSIÓN | J3: 1
B4: MANUAL DE INTERVENTORÍA OBRA PÚBLICA
B5: ANÁLISIS DE PRECIOS UNITARIOS | I5: PÁGINA | K5: DE
I8: FECHA
J9: (Día) | K9: (Mes) | L9: (Año)
A10: ITEMS DE LA PROPUESTA ECONÓMICA | G10: ITEMS NO PREVISTOS
A11: UNIDAD EJECUTORA: | H11: DIRECCIÓN TERRITORIAL: | I11: NARIÑO
A14: CONTRATO No. | C14: DE
A15: OBJETO DEL CONTRATO:
A18: CARRETERA: | H18: SECTOR:
A20: CONTRATISTA:
A22: INTERVENTOR: | I22: CTO No.: | K22: DE
A24: FECHA CIERRE PROCESO DE SELECCIÓN CONTRATO DE OBRA:
E25: (Día) | G25: (Mes) | H25: (Año)
A27: DATOS ESPECÍFICOS
A29: ITEM | B29: DESCRIPCIÓN | I29: GRUPO DE AJUSTE | J29: UNIDAD | L29: CANTIDAD
A30: =+#REF! -> #REF! | B30: =+#REF! -> #REF! | J30: =+#REF! -> #REF! | L30: =+#REF! -> #REF!
A32: I. EQUIPO
A34: DESCRIPCIÓN | G34: TIPO | I34: TARIFA/HORA | J34: RENDIMIENTO | L34: Vr. UNITARIO
A35: Herramienta menor | L35: =0.05*L62 -> 404.89678
A40: SUBTOTAL $ | L40: =SUM(L35:L39) -> 404.89678
A42: II. MATERIALES
A44: DESCRIPCIÓN | H44: UNIDAD | I44: CANTIDAD | J44: PRECIO UNIT. | L44: Vr. UNITARIO
A45: Estuco acrilico | H45: GAL | I45: 0.02 | J45: 80000 | L45: =+I45*J45 -> 1600
A46: Vinilo para muros tipo i | H46: GAL | I46: 0.05 | J46: 75000 | L46: =+I46*J46 -> 3750
A47: Lija | H47: UND | I47: 0.15 | J47: 1500 | L47: =+I47*J47 -> 225
A48: SUBTOTAL $ | L48: =SUM(L45:L47) -> 5575
A50: III. TRANSPORTES
A52: MATERIAL | F52: UNIDAD | G52: CANTIDAD (1) | H52: DISTANCIA (2) | I52: CANTIDAD * DISTANCIA (1) * (2) | J52: TARIFA | L52: Vr. UNITARIO
A55: SUBTOTAL $ | L55: =SUM(L53:L54) -> 0
A57: IV. MANO DE OBRA
A59: DESCRIPCIÓN | G59: JORNAL | H59: PRESTACIONES | I59: JORNAL TOTAL | J59: RENDIMIENTO | L59: Vr. UNITARIO
A60: OBREROS (1) | G60: =1750905/30 -> 58363.5 | H60: 1.85 | I60: =+G60*H60 -> 107972.48 | J60: 40 | L60: =+I60/J60 -> 2699.3119
A61: OFICIAL | G61: =2*G60 -> 116727 | H61: 1.85 | I61: =+G61*H61 -> 215944.95 | J61: 40 | L61: =+I61/J61 -> 5398.6238
A62: SUBTOTAL $ | L62: =SUM(L60:L61) -> 8097.9356
A64: TOTAL COSTO DIRECTO $ | L64: =+L40+L48+L55+L62 -> 14077.832
A66: V. COSTOS INDIRECTOS
A68: DESCRIPCIÓN | I68: Porcentaje | J68: Valor Total
A69: ADMINISTRACIÓN | I69: 0.2 | J69: =+$L$64*I69 -> 2815.5665
A70: IMPREVISTOS | I70: 0.03 | J70: =+$L$64*I70 -> 422.33497
A71: UTILIDAD | I71: 0.05 | J71: =+$L$64*I71 -> 703.89162
A72: SUBTOTAL $ | L72: =SUM(J69:K71) -> 3941.7931
A74: Precio Unitario Total Aproximado al peso $ | L74: =ROUND(L64+L72,0) -> 18020
D79: Firma
D80: Nombre:
D81: Representante Legal del Contratista o su Apoderado
D82: Matricula No. :
A84: OBSERVACIONES INTERVENTORÍA:
A90: APROBACIÓN POR INTERVENTORÍA
A91: Nota 1: Cuando se trate de Análisis de precios unitarios correspondientes a ítems de la propuesta económica aprobada, el Interventor aprueba el desglose de los componentes manteniendo el mismo precio unitario de cada ítem, cumpliendo con las especificaciones de construcción vigentes para el proyecto.
A93: Nota 2: Cuando se trate de Análisis de precios unitarios de ítems no previstos, el Interventor aprueba el desglose y precio unitario de cada ítem no previsto, exigiendo la aplicación de los costos correspondientes a insumos y tarifas de la propuesta económica inicial cuando estén contemplados, cumpliendo con las especificaciones de construcción vigente para el proyecto.
D99: Firma
D100: Nombre:
D101: Representante Legal del Interventor o su Apoderado
D102: Matricula No. :
A104: Original: Archivo de Gestión del Contrato (Subdirección Administrativa).
A105: Copias: Unidad Ejecutora, Contratista, Interventor y Dirección Territorial.

Sheet 2,2
I1: CÓDIGO | J1: MINFRA-MN-IN-10-FR-1
B2: INSTITUTO NACIONAL DE VÍAS
B3: PROCESO DE GESTIÓN DE LA INFRAESTRUCTURA VIAL | I3: VERSIÓN | J3: 1
B4: MANUAL DE INTERVENTORÍA OBRA PÚBLICA
B5: ANÁLISIS DE PRECIOS UNITARIOS | I5: PÁGINA | K5: DE
I8: FECHA
J9: (Día) | K9: (Mes) | L9: (Año)
A10: ITEMS DE LA PROPUESTA ECONÓMICA | G10: ITEMS NO PREVISTOS
A11: UNIDAD EJECUTORA: | H11: DIRECCIÓN TERRITORIAL: | I11: NARIÑO
A14: CONTRATO No. | C14: DE
A15: OBJETO DEL CONTRATO:
A18: CARRETERA: | H18: SECTOR:
A20: CONTRATISTA:
A22: INTERVENTOR: | I22: CTO No.: | K22: DE
A24: FECHA CIERRE PROCESO DE SELECCIÓN CONTRATO DE OBRA:
E25: (Día) | G25: (Mes) | H25: (Año)
A27: DATOS ESPECÍFICOS
A29: ITEM | B29: DESCRIPCIÓN | I29: GRUPO DE AJUSTE | J29: UNIDAD | L29: CANTIDAD
A30: =+#REF! -> #REF! | B30: =+#REF! -> #REF! | J30: ml
A32: I. EQUIPO
A34: DESCRIPCIÓN | G34: TIPO | I34: TARIFA/HORA | J34: RENDIMIENTO | L34: Vr. UNITARIO
A35: Herramienta menor | I35: 10000 | J35: 0.05 | L35: =I35*J35 -> 500
A40: SUBTOTAL $ | L40: =SUM(L35:L39) -> 500
A42: II. MATERIALES
A44: DESCRIPCIÓN | H44: UNIDAD | I44: CANTIDAD | J44: PRECIO UNIT. | L44: Vr. UNITARIO
A45: Pintura en esmalte 2en1 para metal | H45: galon | I45: 0.03 | J45: 120000 | L45: =+I45*J45 -> 3600
A50: SUBTOTAL $ | L50: =SUM(L45:L49) -> 3600
A52: III. TRANSPORTES
A54: MATERIAL | F54: UNIDAD | G54: CANTIDAD (1) | H54: DISTANCIA (2) | I54: CANTIDAD * DISTANCIA (1) * (2) | J54: TARIFA | L54: Vr. UNITARIO
A57: SUBTOTAL $ | L57: =SUM(L55:L56) -> 0
A59: IV. MANO DE OBRA
A61: DESCRIPCIÓN | G61: JORNAL | H61: PRESTACIONES | I61: JORNAL TOTAL | J61: RENDIMIENTO | L61: Vr. UNITARIO
A62: OBREROS (1) | G62: =1750905/30 -> 58363.5 | H62: 1.85 | I62: =+G62*H62 -> 107972.48 | J62: 100 | L62: =+I62/J62 -> 1079.7248
A63: OFICIAL | G63: =2*G62 -> 116727 | H63: 1.85 | I63: =+G63*H63 -> 215944.95 | J63: 100 | L63: =+I63/J63 -> 2159.4495
A64: SUBTOTAL $ | L64: =SUM(L62:L63) -> 3239.1743
A66: TOTAL COSTO DIRECTO $ | L66: =+L40+L50+L57+L64 -> 7339.1743
A68: V. COSTOS INDIRECTOS
A70: DESCRIPCIÓN | I70: Porcentaje | J70: Valor Total
A71: ADMINISTRACIÓN | I71: 0.2 | J71: =+$L$66*I71 -> 1467.8349
A72: IMPREVISTOS | I72: 0.03 | J72: =+$L$66*I72 -> 220.17523
A73: UTILIDAD | I73: 0.05 | J73: =+$L$66*I73 -> 366.95871
A74: SUBTOTAL $ | L74: =SUM(J71:K73) -> 2054.9688
A76: Precio Unitario Total Aproximado al peso $ | L76: =ROUND(L66+L74,0) -> 9394
D81: Firma
D82: Nombre:
D83: Representante Legal del Contratista o su Apoderado
D84: Matricula No. :
A86: OBSERVACIONES INTERVENTORÍA:
A92: APROBACIÓN POR INTERVENTORÍA
A93: Nota 1: Cuando se trate de Análisis de precios unitarios correspondientes a ítems de la propuesta económica aprobada, el Interventor aprueba el desglose de los componentes manteniendo el mismo precio unitario de cada ítem, cumpliendo con las especificaciones de construcción vigentes para el proyecto.
A95: Nota 2: Cuando se trate de Análisis de precios unitarios de ítems no previstos, el Interventor aprueba el desglose y precio unitario de cada ítem no previsto, exigiendo la aplicación de los costos correspondientes a insumos y tarifas de la propuesta económica inicial cuando estén contemplados, cumpliendo con las especificaciones de construcción vigente para el proyecto.
D101: Firma
D102: Nombre:
D103: Representante Legal del Interventor o su Apoderado
D104: Matricula No. :
A106: Original: Archivo de Gestión del Contrato (Subdirección Administrativa).
A107: Copias: Unidad Ejecutora, Contratista, Interventor y Dirección Territorial.

Sheet 2,3
I1: CÓDIGO | J1: MINFRA-MN-IN-10-FR-1
B2: INSTITUTO NACIONAL DE VÍAS
B3: PROCESO DE GESTIÓN DE LA INFRAESTRUCTURA VIAL | I3: VERSIÓN | J3: 1
B4: MANUAL DE INTERVENTORÍA OBRA PÚBLICA
B5: ANÁLISIS DE PRECIOS UNITARIOS | I5: PÁGINA | K5: DE
I8: FECHA
J9: (Día) | K9: (Mes) | L9: (Año)
A10: ITEMS DE LA PROPUESTA ECONÓMICA | G10: ITEMS NO PREVISTOS
A11: UNIDAD EJECUTORA: | H11: DIRECCIÓN TERRITORIAL: | I11: NARIÑO
A14: CONTRATO No. | C14: DE
A15: OBJETO DEL CONTRATO:
A18: CARRETERA: | H18: SECTOR:
A20: CONTRATISTA:
A22: INTERVENTOR: | I22: CTO No.: | K22: DE
A24: FECHA CIERRE PROCESO DE SELECCIÓN CONTRATO DE OBRA:
E25: (Día) | G25: (Mes) | H25: (Año)
A27: DATOS ESPECÍFICOS
A29: ITEM | B29: DESCRIPCIÓN | I29: GRUPO DE AJUSTE | J29: UNIDAD | L29: CANTIDAD
A30: =+#REF! -> #REF! | B30: =+#REF! -> #REF! | J30: =+#REF! -> #REF!
A32: I. EQUIPO
A34: DESCRIPCIÓN | G34: TIPO | I34: TARIFA/HORA | J34: RENDIMIENTO | L34: Vr. UNITARIO
A35: HERRAMIENTA MENOR | I35: 2000 | J35: 0.5 | L35: =+I35*J35 -> 1000
A36: ALQUILER ANDAMIO METALICO TUBULAR | I36: 15000 | J36: 0.05 | L36: =+I36*J36 -> 750
L37: =+H37*J37 -> 0
O39: =120000/8 -> 15000
A40: SUBTOTAL $ | L40: =SUM(L35:L39) -> 1750
A42: II. MATERIALES
A44: DESCRIPCIÓN | H44: UNIDAD | I44: CANTIDAD | J44: PRECIO UNIT. | L44: Vr. UNITARIO
A45: Impermeabilzante para cubiertas | H45: GLN | I45: 0.05 | J45: 130000 | L45: =+I45*J45 -> 6500
L46: =+I46*J46 -> 0
L47: =+I47*J47 -> 0
A51: SUBTOTAL $ | L51: =SUM(L45:L50) -> 6500
A53: III. TRANSPORTES
A55: MATERIAL | F55: UNIDAD | G55: CANTIDAD (1) | H55: DISTANCIA (2) | I55: CANTIDAD * DISTANCIA (1) * (2) | J55: TARIFA | L55: Vr. UNITARIO
A58: SUBTOTAL $ | L58: =SUM(L56:L57) -> 0
A60: IV. MANO DE OBRA
A62: DESCRIPCIÓN | G62: JORNAL | H62: PRESTACIONES | I62: JORNAL TOTAL | J62: RENDIMIENTO | L62: Vr. UNITARIO
A63: OBREROS (1) | G63: =1750905/30 -> 58363.5 | H63: 1.85 | I63: =+G63*H63 -> 107972.48 | J63: 50 | L63: =+I63/J63 -> 2159.4495
A64: OFICIAL (1) | G64: =G63*2 -> 116727 | H64: 1.85 | I64: =+G64*H64 -> 215944.95 | J64: 50 | L64: =+I64/J64 -> 4318.899
A65: SUBTOTAL $ | L65: =SUM(L63:L64)+L49 -> 6478.3485
A67: TOTAL COSTO DIRECTO $ | L67: =+L40+L51+L58+L65 -> 14728.349
A69: V. COSTOS INDIRECTOS
A71: DESCRIPCIÓN | I71: Porcentaje | J71: Valor Total
A72: ADMINISTRACIÓN | I72: 0.2 | J72: =+$L$67*I72 -> 2945.6697
A73: IMPREVISTOS | I73: 0.03 | J73: =+$L$67*I73 -> 441.85046
A74: UTILIDAD | I74: 0.05 | J74: =+$L$67*I74 -> 736.41743
A75: SUBTOTAL $ | L75: =SUM(J72:K74) -> 4123.9376
A77: Precio Unitario Total Aproximado al peso $ | L77: =ROUND(L67+L75,0) -> 18852
D82: Firma
D83: Nombre:
D84: Representante Legal del Contratista o su Apoderado
D85: Matricula No. :
A87: OBSERVACIONES INTERVENTORÍA:
A93: APROBACIÓN POR INTERVENTORÍA
A94: Nota 1: Cuando se trate de Análisis de precios unitarios correspondientes a ítems de la propuesta económica aprobada, el Interventor aprueba el desglose de los componentes manteniendo el mismo precio unitario de cada ítem, cumpliendo con las especificaciones de construcción vigentes para el proyecto.
A96: Nota 2: Cuando se trate de Análisis de precios unitarios de ítems no previstos, el Interventor aprueba el desglose y precio unitario de cada ítem no previsto, exigiendo la aplicación de los costos correspondientes a insumos y tarifas de la propuesta económica inicial cuando estén contemplados, cumpliendo con las especificaciones de construcción vigente para el proyecto.
D102: Firma
D103: Nombre:
D104: Representante Legal del Interventor o su Apoderado
D105: Matricula No. :
A107: Original: Archivo de Gestión del Contrato (Subdirección Administrativa).
A108: Copias: Unidad Ejecutora, Contratista, Interventor y Dirección Territorial.

Sheet 2,4
I1: CÓDIGO | J1: MINFRA-MN-IN-10-FR-1
B2: INSTITUTO NACIONAL DE VÍAS
B3: PROCESO DE GESTIÓN DE LA INFRAESTRUCTURA VIAL | I3: VERSIÓN | J3: 1
B4: MANUAL DE INTERVENTORÍA OBRA PÚBLICA
B5: ANÁLISIS DE PRECIOS UNITARIOS | I5: PÁGINA | K5: DE
I8: FECHA
J9: (Día) | K9: (Mes) | L9: (Año)
A10: ITEMS DE LA PROPUESTA ECONÓMICA | G10: ITEMS NO PREVISTOS
A11: UNIDAD EJECUTORA: | H11: DIRECCIÓN TERRITORIAL: | I11: NARIÑO
A14: CONTRATO No. | C14: DE
A15: OBJETO DEL CONTRATO:
A18: CARRETERA: | H18: SECTOR:
A20: CONTRATISTA:
A22: INTERVENTOR: | I22: CTO No.: | K22: DE
A24: FECHA CIERRE PROCESO DE SELECCIÓN CONTRATO DE OBRA:
E25: (Día) | G25: (Mes) | H25: (Año)
A27: DATOS ESPECÍFICOS
A29: ITEM | B29: DESCRIPCIÓN | I29: GRUPO DE AJUSTE | J29: UNIDAD | L29: CANTIDAD
A30: =+'PTO OFICIAL'!#REF! -> #REF! | B30: =+'PTO OFICIAL'!#REF! -> #REF! | J30: =+'PTO OFICIAL'!#REF! -> #REF!
A32: I. EQUIPO
A34: DESCRIPCIÓN | G34: TIPO | I34: TARIFA/HORA | J34: RENDIMIENTO | L34: Vr. UNITARIO
A35: HERRAMIENTA MENOR | I35: 2000 | J35: 0.5 | L35: =+I35*J35 -> 1000
L37: =+H37*J37 -> 0
O39: =120000/8 -> 15000
A40: SUBTOTAL $ | L40: =SUM(L35:L39) -> 1000
A42: II. MATERIALES
A44: DESCRIPCIÓN | H44: UNIDAD | I44: CANTIDAD | J44: PRECIO UNIT. | L44: Vr. UNITARIO
A45: Canal blanco raingo de marca Pavco Wavin | H45: M | I45: 1 | J45: 13400 | L45: =+I45*J45 -> 13400
A46: Gancho metálico para canal | H46: UND | I46: 1 | J46: 17300 | L46: =+I46*J46 -> 17300
A47: Unión de canal raingo de marca Pavo Wavin | H47: UND | I47: 1 | J47: 6300 | L47: =+I47*J47 -> 6300
A48: Unión de esquina raingo de marca Pavco Wavin | H48: UND | I48: 1 | J48: 8300 | L48: =+I48*J48 -> 8300
A51: SUBTOTAL $ | L51: =SUM(L45:L50) -> 45300
A53: III. TRANSPORTES
A55: MATERIAL | F55: UNIDAD | G55: CANTIDAD (1) | H55: DISTANCIA (2) | I55: CANTIDAD * DISTANCIA (1) * (2) | J55: TARIFA | L55: Vr. UNITARIO
A58: SUBTOTAL $ | L58: =SUM(L56:L57) -> 0
A60: IV. MANO DE OBRA
A62: DESCRIPCIÓN | G62: JORNAL | H62: PRESTACIONES | I62: JORNAL TOTAL | J62: RENDIMIENTO | L62: Vr. UNITARIO
A63: OBREROS (1) | G63: =1750905/30 -> 58363.5 | H63: 1.85 | I63: =+G63*H63 -> 107972.48 | J63: 50 | L63: =+I63/J63 -> 2159.4495
A64: OFICIAL (1) | G64: =G63*2 -> 116727 | H64: 1.85 | I64: =+G64*H64 -> 215944.95 | J64: 50 | L64: =+I64/J64 -> 4318.899
A65: SUBTOTAL $ | L65: =SUM(L63:L64)+L49 -> 6478.3485
A67: TOTAL COSTO DIRECTO $ | L67: =+L40+L51+L58+L65 -> 52778.349
A69: V. COSTOS INDIRECTOS
A71: DESCRIPCIÓN | I71: Porcentaje | J71: Valor Total
A72: ADMINISTRACIÓN | I72: 0.2 | J72: =+$L$67*I72 -> 10555.67
A73: IMPREVISTOS | I73: 0.03 | J73: =+$L$67*I73 -> 1583.3505
A74: UTILIDAD | I74: 0.05 | J74: =+$L$67*I74 -> 2638.9174
A75: SUBTOTAL $ | L75: =SUM(J72:K74) -> 14777.938
A77: Precio Unitario Total Aproximado al peso $ | L77: =ROUND(L67+L75,0) -> 67556
D82: Firma
D83: Nombre:
D84: Representante Legal del Contratista o su Apoderado
D85: Matricula No. :
A87: OBSERVACIONES INTERVENTORÍA:
A93: APROBACIÓN POR INTERVENTORÍA
A94: Nota 1: Cuando se trate de Análisis de precios unitarios correspondientes a ítems de la propuesta económica aprobada, el Interventor aprueba el desglose de los componentes manteniendo el mismo precio unitario de cada ítem, cumpliendo con las especificaciones de construcción vigentes para el proyecto.
A96: Nota 2: Cuando se trate de Análisis de precios unitarios de ítems no previstos, el Interventor aprueba el desglose y precio unitario de cada ítem no previsto, exigiendo la aplicación de los costos correspondientes a insumos y tarifas de la propuesta económica inicial cuando estén contemplados, cumpliendo con las especificaciones de construcción vigente para el proyecto.
D102: Firma
D103: Nombre:
D104: Representante Legal del Interventor o su Apoderado
D105: Matricula No. :
A107: Original: Archivo de Gestión del Contrato (Subdirección Administrativa).
A108: Copias: Unidad Ejecutora, Contratista, Interventor y Dirección Territorial.

Sheet 2,5
I1: CÓDIGO | J1: MINFRA-MN-IN-10-FR-1
B2: INSTITUTO NACIONAL DE VÍAS
B3: PROCESO DE GESTIÓN DE LA INFRAESTRUCTURA VIAL | I3: VERSIÓN | J3: 1
B4: MANUAL DE INTERVENTORÍA OBRA PÚBLICA
B5: ANÁLISIS DE PRECIOS UNITARIOS | I5: PÁGINA | K5: DE
I8: FECHA
J9: (Día) | K9: (Mes) | L9: (Año)
A10: ITEMS DE LA PROPUESTA ECONÓMICA | G10: ITEMS NO PREVISTOS
A11: UNIDAD EJECUTORA: | H11: DIRECCIÓN TERRITORIAL: | I11: NARIÑO
A14: CONTRATO No. | C14: DE
A15: OBJETO DEL CONTRATO:
A18: CARRETERA: | H18: SECTOR:
A20: CONTRATISTA:
A22: INTERVENTOR: | I22: CTO No.: | K22: DE
A24: FECHA CIERRE PROCESO DE SELECCIÓN CONTRATO DE OBRA:
E25: (Día) | G25: (Mes) | H25: (Año)
A27: DATOS ESPECÍFICOS
A29: ITEM | B29: DESCRIPCIÓN | I29: GRUPO DE AJUSTE | J29: UNIDAD | L29: CANTIDAD
A30: =+#REF! -> #REF! | B30: =+#REF! -> #REF! | J30: =+#REF! -> #REF!
A32: I. EQUIPO
A34: DESCRIPCIÓN | G34: TIPO | I34: TARIFA/HORA | J34: RENDIMIENTO | L34: Vr. UNITARIO
A35: Herramienta menor | L35: =0.1*L62 -> 1619.5871
A36: Equipo de Soldadura | I36: 8000 | J36: 20 | L36: =+I36/J36 -> 400
O37: =70000/8 -> 8750
A40: SUBTOTAL $ | L40: =SUM(L35:L39) -> 2019.5871
A42: II. MATERIALES
A44: DESCRIPCIÓN | H44: UNIDAD | I44: CANTIDAD | J44: PRECIO UNIT. | L44: Vr. UNITARIO
A45: SOLDADURA9011 | H45: Kg | I45: 0.2 | J45: 25000 | L45: =+I45*J45 -> 5000
A46: Pasamanos de acero inoxidable | H46: ML | I46: 1 | J46: =413900/2 -> 206950 | L46: =I46*J46 -> 206950
A48: SUBTOTAL $ | L48: =SUM(L45:L47) -> 211950
A50: III. TRANSPORTES
A52: MATERIAL | F52: UNIDAD | G52: CANTIDAD (1) | H52: DISTANCIA (2) | I52: CANTIDAD * DISTANCIA (1) * (2) | J52: TARIFA | L52: Vr. UNITARIO
A55: SUBTOTAL $ | L55: =SUM(L53:L54) -> 0
A57: IV. MANO DE OBRA
A59: DESCRIPCIÓN | G59: JORNAL | H59: PRESTACIONES | I59: JORNAL TOTAL | J59: RENDIMIENTO | L59: Vr. UNITARIO
A60: OBREROS (1) | G60: =1750905/30 -> 58363.5 | H60: 1.85 | I60: =+G60*H60 -> 107972.48 | J60: 20 | L60: =+I60/J60 -> 5398.6238
A61: OFICIAL | G61: =G60*2 -> 116727 | H61: 1.85 | I61: =+G61*H61 -> 215944.95 | J61: 20 | L61: =+I61/J61 -> 10797.248
A62: SUBTOTAL $ | L62: =SUM(L60:L61) -> 16195.871
A64: TOTAL COSTO DIRECTO $ | L64: =+L40+L48+L55+L62 -> 230165.46
A66: V. COSTOS INDIRECTOS
A68: DESCRIPCIÓN | I68: Porcentaje | J68: Valor Total
A69: ADMINISTRACIÓN | I69: 0.2 | J69: =+$L$64*I69 -> 46033.092
A70: IMPREVISTOS | I70: 0.03 | J70: =+$L$64*I70 -> 6904.9638
A71: UTILIDAD | I71: 0.05 | J71: =+$L$64*I71 -> 11508.273
A72: SUBTOTAL $ | L72: =SUM(J69:K71) -> 64446.328
A74: Precio Unitario Total Aproximado al peso $ | L74: =ROUND(L64+L72,0) -> 294612
D79: Firma
D80: Nombre:
D81: Representante Legal del Contratista o su Apoderado
D82: Matricula No. :
A84: OBSERVACIONES INTERVENTORÍA:
A90: APROBACIÓN POR INTERVENTORÍA
A91: Nota 1: Cuando se trate de Análisis de precios unitarios correspondientes a ítems de la propuesta económica aprobada, el Interventor aprueba el desglose de los componentes manteniendo el mismo precio unitario de cada ítem, cumpliendo con las especificaciones de construcción vigentes para el proyecto.
A93: Nota 2: Cuando se trate de Análisis de precios unitarios de ítems no previstos, el Interventor aprueba el desglose y precio unitario de cada ítem no previsto, exigiendo la aplicación de los costos correspondientes a insumos y tarifas de la propuesta económica inicial cuando estén contemplados, cumpliendo con las especificaciones de construcción vigente para el proyecto.
D99: Firma
D100: Nombre:
D101: Representante Legal del Interventor o su Apoderado
D102: Matricula No. :
A104: Original: Archivo de Gestión del Contrato (Subdirección Administrativa).
A105: Copias: Unidad Ejecutora, Contratista, Interventor y Dirección Territorial.

Sheet 2,6
I1: CÓDIGO | J1: MINFRA-MN-IN-10-FR-1
B2: INSTITUTO NACIONAL DE VÍAS
B3: PROCESO DE GESTIÓN DE LA INFRAESTRUCTURA VIAL | I3: VERSIÓN | J3: 1
B4: MANUAL DE INTERVENTORÍA OBRA PÚBLICA
B5: ANÁLISIS DE PRECIOS UNITARIOS | I5: PÁGINA | K5: DE
I8: FECHA
J9: (Día) | K9: (Mes) | L9: (Año)
A10: ITEMS DE LA PROPUESTA ECONÓMICA | G10: ITEMS NO PREVISTOS
A11: UNIDAD EJECUTORA: | H11: DIRECCIÓN TERRITORIAL: | I11: NARIÑO
A14: CONTRATO No. | C14: DE
A15: OBJETO DEL CONTRATO:
A18: CARRETERA: | H18: SECTOR:
A20: CONTRATISTA:
A22: INTERVENTOR: | I22: CTO No.: | K22: DE
A24: FECHA CIERRE PROCESO DE SELECCIÓN CONTRATO DE OBRA:
E25: (Día) | G25: (Mes) | H25: (Año)
A27: DATOS ESPECÍFICOS
A29: ITEM | B29: DESCRIPCIÓN | I29: GRUPO DE AJUSTE | J29: UNIDAD | L29: CANTIDAD
A30: =+#REF! -> #REF! | B30: =+#REF! -> #REF! | J30: =+#REF! -> #REF!
A32: I. EQUIPO
A34: DESCRIPCIÓN | G34: TIPO | I34: TARIFA/HORA | J34: RENDIMIENTO | L34: Vr. UNITARIO
A35: Herramienta menor | L35: =0.1*L63 -> 1079.7248
A40: SUBTOTAL $ | L40: =SUM(L35:L39) -> 1079.7248
A42: II. MATERIALES
A44: DESCRIPCIÓN | H44: UNIDAD | I44: CANTIDAD | J44: PRECIO UNIT. | L44: Vr. UNITARIO
A45: Ventana de aluminio, gama básica, M2 acabado lacado estándar | H45: M2 | I45: 1 | J45: 190000 | L45: =I45*J45 -> 190000
A46: Cartucho de 290 ml de sellador adhesivo monocomponente, neutro, superelástico, a base de polímero MS | H46: UND | I46: 0.45 | J46: 5110 | L46: =I46*J46 -> 2299.5
A47: VIDRIO DE SILICATO SODOCÁLCICO TEMPLADO, INCOLORO, DE 4 MM DE ESPESOR. | H47: M2 | I47: 1 | J47: 41200 | L47: =I47*J47 -> 41200
L48: =I48*J48 -> 0
A49: SUBTOTAL $ | L49: =SUM(L45:L48) -> 233499.5
A51: III. TRANSPORTES
A53: MATERIAL | F53: UNIDAD | G53: CANTIDAD (1) | H53: DISTANCIA (2) | I53: CANTIDAD * DISTANCIA (1) * (2) | J53: TARIFA | L53: Vr. UNITARIO
A56: SUBTOTAL $ | L56: =SUM(L54:L55) -> 0
A58: IV. MANO DE OBRA
A60: DESCRIPCIÓN | G60: JORNAL | H60: PRESTACIONES | I60: JORNAL TOTAL | J60: RENDIMIENTO | L60: Vr. UNITARIO
A61: OBREROS (1) | G61: =1750905/30 -> 58363.5 | H61: 1.85 | I61: =+G61*H61 -> 107972.48 | J61: 30 | L61: =+I61/J61 -> 3599.0825
A62: OFICIAL | G62: =+G61*2 -> 116727 | H62: 1.85 | I62: =+G62*H62 -> 215944.95 | J62: 30 | L62: =+I62/J62 -> 7198.165
A63: SUBTOTAL $ | L63: =SUM(L61:L62) -> 10797.247
A65: TOTAL COSTO DIRECTO $ | L65: =+L40+L49+L56+L63 -> 245376.47
A67: V. COSTOS INDIRECTOS
A69: DESCRIPCIÓN | I69: Porcentaje | J69: Valor Total
A70: ADMINISTRACIÓN | I70: 0.2 | J70: =+$L$65*I70 -> 49075.294
A71: IMPREVISTOS | I71: 0.03 | J71: =+$L$65*I71 -> 7361.2942
A72: UTILIDAD | I72: 0.05 | J72: =+$L$65*I72 -> 12268.824
A73: SUBTOTAL $ | L73: =SUM(J70:K72) -> 68705.412
A75: Precio Unitario Total Aproximado al peso $ | L75: =ROUND(L65+L73,0) -> 314082
D80: Firma
D81: Nombre:
D82: Representante Legal del Contratista o su Apoderado
D83: Matricula No. :
A85: OBSERVACIONES INTERVENTORÍA:
A91: APROBACIÓN POR INTERVENTORÍA
A92: Nota 1: Cuando se trate de Análisis de precios unitarios correspondientes a ítems de la propuesta económica aprobada, el Interventor aprueba el desglose de los componentes manteniendo el mismo precio unitario de cada ítem, cumpliendo con las especificaciones de construcción vigentes para el proyecto.
A94: Nota 2: Cuando se trate de Análisis de precios unitarios de ítems no previstos, el Interventor aprueba el desglose y precio unitario de cada ítem no previsto, exigiendo la aplicación de los costos correspondientes a insumos y tarifas de la propuesta económica inicial cuando estén contemplados, cumpliendo con las especificaciones de construcción vigente para el proyecto.
D100: Firma
D101: Nombre:
D102: Representante Legal del Interventor o su Apoderado
D103: Matricula No. :
A105: Original: Archivo de Gestión del Contrato (Subdirección Administrativa).
A106: Copias: Unidad Ejecutora, Contratista, Interventor y Dirección Territorial.

Sheet 2,7
I1: CÓDIGO | J1: MINFRA-MN-IN-10-FR-1
B2: INSTITUTO NACIONAL DE VÍAS
B3: PROCESO DE GESTIÓN DE LA INFRAESTRUCTURA VIAL | I3: VERSIÓN | J3: 1
B4: MANUAL DE INTERVENTORÍA OBRA PÚBLICA
B5: ANÁLISIS DE PRECIOS UNITARIOS | I5: PÁGINA | K5: DE
I8: FECHA
J9: (Día) | K9: (Mes) | L9: (Año)
A10: ITEMS DE LA PROPUESTA ECONÓMICA | G10: ITEMS NO PREVISTOS
A11: UNIDAD EJECUTORA: | H11: DIRECCIÓN TERRITORIAL: | I11: NARIÑO
A14: CONTRATO No. | C14: DE
A15: OBJETO DEL CONTRATO:
A18: CARRETERA: | H18: SECTOR:
A20: CONTRATISTA:
A22: INTERVENTOR: | I22: CTO No.: | K22: DE
A24: FECHA CIERRE PROCESO DE SELECCIÓN CONTRATO DE OBRA:
E25: (Día) | G25: (Mes) | H25: (Año)
A27: DATOS ESPECÍFICOS
A29: ITEM | B29: DESCRIPCIÓN | I29: GRUPO DE AJUSTE | J29: UNIDAD | L29: CANTIDAD
A30: =+#REF! -> #REF! | B30: =+#REF! -> #REF! | J30: =+#REF! -> #REF!
A32: I. EQUIPO
A34: DESCRIPCIÓN | G34: TIPO | I34: TARIFA/HORA | J34: RENDIMIENTO | L34: Vr. UNITARIO
A35: Herramienta menor | L35: =0.1*L63 -> 1079.7248
A40: SUBTOTAL $ | L40: =SUM(L35:L39) -> 1079.7248
A42: II. MATERIALES
A44: DESCRIPCIÓN | H44: UNIDAD | I44: CANTIDAD | J44: PRECIO UNIT. | L44: Vr. UNITARIO
A45: Instrumentos de lubricación | H45: GBL | I45: 1 | J45: 4000 | L45: =I45*J45 -> 4000
A46: Bisagra para puerta de vidrio de 90° | H46: UND | I46: 2 | J46: 149900 | L46: =I46*J46 -> 299800
L48: =I48*J48 -> 0
A49: SUBTOTAL $ | L49: =SUM(L45:L48) -> 303800
A51: III. TRANSPORTES
A53: MATERIAL | F53: UNIDAD | G53: CANTIDAD (1) | H53: DISTANCIA (2) | I53: CANTIDAD * DISTANCIA (1) * (2) | J53: TARIFA | L53: Vr. UNITARIO
A56: SUBTOTAL $ | L56: =SUM(L54:L55) -> 0
A58: IV. MANO DE OBRA
A60: DESCRIPCIÓN | G60: JORNAL | H60: PRESTACIONES | I60: JORNAL TOTAL | J60: RENDIMIENTO | L60: Vr. UNITARIO
A61: OBREROS (1) | G61: =1750905/30 -> 58363.5 | H61: 1.85 | I61: =+G61*H61 -> 107972.48 | J61: 30 | L61: =+I61/J61 -> 3599.0825
A62: OFICIAL | G62: =+G61*2 -> 116727 | H62: 1.85 | I62: =+G62*H62 -> 215944.95 | J62: 30 | L62: =+I62/J62 -> 7198.165
A63: SUBTOTAL $ | L63: =SUM(L61:L62) -> 10797.247
A65: TOTAL COSTO DIRECTO $ | L65: =+L40+L49+L56+L63 -> 315676.97
A67: V. COSTOS INDIRECTOS
A69: DESCRIPCIÓN | I69: Porcentaje | J69: Valor Total
A70: ADMINISTRACIÓN | I70: 0.2 | J70: =+$L$65*I70 -> 63135.394
A71: IMPREVISTOS | I71: 0.03 | J71: =+$L$65*I71 -> 9470.3092
A72: UTILIDAD | I72: 0.05 | J72: =+$L$65*I72 -> 15783.849
A73: SUBTOTAL $ | L73: =SUM(J70:K72) -> 88389.552
A75: Precio Unitario Total Aproximado al peso $ | L75: =ROUND(L65+L73,0) -> 404067
D80: Firma
D81: Nombre:
D82: Representante Legal del Contratista o su Apoderado
D83: Matricula No. :
A85: OBSERVACIONES INTERVENTORÍA:
A91: APROBACIÓN POR INTERVENTORÍA
A92: Nota 1: Cuando se trate de Análisis de precios unitarios correspondientes a ítems de la propuesta económica aprobada, el Interventor aprueba el desglose de los componentes manteniendo el mismo precio unitario de cada ítem, cumpliendo con las especificaciones de construcción vigentes para el proyecto.
A94: Nota 2: Cuando se trate de Análisis de precios unitarios de ítems no previstos, el Interventor aprueba el desglose y precio unitario de cada ítem no previsto, exigiendo la aplicación de los costos correspondientes a insumos y tarifas de la propuesta económica inicial cuando estén contemplados, cumpliendo con las especificaciones de construcción vigente para el proyecto.
D100: Firma
D101: Nombre:
D102: Representante Legal del Interventor o su Apoderado
D103: Matricula No. :
A105: Original: Archivo de Gestión del Contrato (Subdirección Administrativa).
A106: Copias: Unidad Ejecutora, Contratista, Interventor y Dirección Territorial.

Sheet 2,8
I1: CÓDIGO | J1: MINFRA-MN-IN-10-FR-1
B2: INSTITUTO NACIONAL DE VÍAS
B3: PROCESO DE GESTIÓN DE LA INFRAESTRUCTURA VIAL | I3: VERSIÓN | J3: 1
B4: MANUAL DE INTERVENTORÍA OBRA PÚBLICA
B5: ANÁLISIS DE PRECIOS UNITARIOS | I5: PÁGINA | K5: DE
I8: FECHA
J9: (Día) | K9: (Mes) | L9: (Año)
A10: ITEMS DE LA PROPUESTA ECONÓMICA | G10: ITEMS NO PREVISTOS
A11: UNIDAD EJECUTORA: | H11: DIRECCIÓN TERRITORIAL: | I11: NARIÑO
A14: CONTRATO No. | C14: DE
A15: OBJETO DEL CONTRATO:
A18: CARRETERA: | H18: SECTOR:
A20: CONTRATISTA:
A22: INTERVENTOR: | I22: CTO No.: | K22: DE
A24: FECHA CIERRE PROCESO DE SELECCIÓN CONTRATO DE OBRA:
E25: (Día) | G25: (Mes) | H25: (Año)
A27: DATOS ESPECÍFICOS
A29: ITEM | B29: DESCRIPCIÓN | I29: GRUPO DE AJUSTE | J29: UNIDAD | L29: CANTIDAD
A30: =+#REF! -> #REF! | B30: =+#REF! -> #REF! | J30: =+#REF! -> #REF!
A32: I. EQUIPO
A34: DESCRIPCIÓN | G34: TIPO | I34: TARIFA/HORA | J34: RENDIMIENTO | L34: Vr. UNITARIO
A35: Herramienta menor | L35: =0.1*L63 -> 1079.7248
A40: SUBTOTAL $ | L40: =SUM(L35:L39) -> 1079.7248
A42: II. MATERIALES
A44: DESCRIPCIÓN | H44: UNIDAD | I44: CANTIDAD | J44: PRECIO UNIT. | L44: Vr. UNITARIO
A45: Instrumentos de lubricación | H45: GBL | I45: 1 | J45: 4000 | L45: =I45*J45 -> 4000
A46: Bisagra de acero inoxidable para puerta | H46: UND | I46: 2 | J46: 49900
L48: =I48*J48 -> 0
A49: SUBTOTAL $ | L49: =SUM(L45:L48) -> 4000
A51: III. TRANSPORTES
A53: MATERIAL | F53: UNIDAD | G53: CANTIDAD (1) | H53: DISTANCIA (2) | I53: CANTIDAD * DISTANCIA (1) * (2) | J53: TARIFA | L53: Vr. UNITARIO
A56: SUBTOTAL $ | L56: =SUM(L54:L55) -> 0
A58: IV. MANO DE OBRA
A60: DESCRIPCIÓN | G60: JORNAL | H60: PRESTACIONES | I60: JORNAL TOTAL | J60: RENDIMIENTO | L60: Vr. UNITARIO
A61: OBREROS (1) | G61: =1750905/30 -> 58363.5 | H61: 1.85 | I61: =+G61*H61 -> 107972.48 | J61: 30 | L61: =+I61/J61 -> 3599.0825
A62: OFICIAL | G62: =+G61*2 -> 116727 | H62: 1.85 | I62: =+G62*H62 -> 215944.95 | J62: 30 | L62: =+I62/J62 -> 7198.165
A63: SUBTOTAL $ | L63: =SUM(L61:L62) -> 10797.247
A65: TOTAL COSTO DIRECTO $ | L65: =+L40+L49+L56+L63 -> 15876.972
A67: V. COSTOS INDIRECTOS
A69: DESCRIPCIÓN | I69: Porcentaje | J69: Valor Total
A70: ADMINISTRACIÓN | I70: 0.2 | J70: =+$L$65*I70 -> 3175.3944
A71: IMPREVISTOS | I71: 0.03 | J71: =+$L$65*I71 -> 476.30917
A72: UTILIDAD | I72: 0.05 | J72: =+$L$65*I72 -> 793.84861
A73: SUBTOTAL $ | L73: =SUM(J70:K72) -> 4445.5522
A75: Precio Unitario Total Aproximado al peso $ | L75: =ROUND(L65+L73,0) -> 20323
D80: Firma
D81: Nombre:
D82: Representante Legal del Contratista o su Apoderado
D83: Matricula No. :
A85: OBSERVACIONES INTERVENTORÍA:
A91: APROBACIÓN POR INTERVENTORÍA
A92: Nota 1: Cuando se trate de Análisis de precios unitarios correspondientes a ítems de la propuesta económica aprobada, el Interventor aprueba el desglose de los componentes manteniendo el mismo precio unitario de cada ítem, cumpliendo con las especificaciones de construcción vigentes para el proyecto.
A94: Nota 2: Cuando se trate de Análisis de precios unitarios de ítems no previstos, el Interventor aprueba el desglose y precio unitario de cada ítem no previsto, exigiendo la aplicación de los costos correspondientes a insumos y tarifas de la propuesta económica inicial cuando estén contemplados, cumpliendo con las especificaciones de construcción vigente para el proyecto.
D100: Firma
D101: Nombre:
D102: Representante Legal del Interventor o su Apoderado
D103: Matricula No. :
A105: Original: Archivo de Gestión del Contrato (Subdirección Administrativa).
A106: Copias: Unidad Ejecutora, Contratista, Interventor y Dirección Territorial.

Sheet 2,9
I1: CÓDIGO | J1: MINFRA-MN-IN-10-FR-1
B2: INSTITUTO NACIONAL DE VÍAS
B3: PROCESO DE GESTIÓN DE LA INFRAESTRUCTURA VIAL | I3: VERSIÓN | J3: 1
B4: MANUAL DE INTERVENTORÍA OBRA PÚBLICA
B5: ANÁLISIS DE PRECIOS UNITARIOS | I5: PÁGINA | K5: DE
I8: FECHA
J9: (Día) | K9: (Mes) | L9: (Año)
A10: ITEMS DE LA PROPUESTA ECONÓMICA | G10: ITEMS NO PREVISTOS
A11: UNIDAD EJECUTORA: | H11: DIRECCIÓN TERRITORIAL: | I11: NARIÑO
A14: CONTRATO No. | C14: DE
A15: OBJETO DEL CONTRATO:
A18: CARRETERA: | H18: SECTOR:
A20: CONTRATISTA:
A22: INTERVENTOR: | I22: CTO No.: | K22: DE
A24: FECHA CIERRE PROCESO DE SELECCIÓN CONTRATO DE OBRA:
E25: (Día) | G25: (Mes) | H25: (Año)
A27: DATOS ESPECÍFICOS
A29: ITEM | B29: DESCRIPCIÓN | I29: GRUPO DE AJUSTE | J29: UNIDAD | L29: CANTIDAD
A30: =+#REF! -> #REF! | B30: =+#REF! -> #REF! | J30: =+#REF! -> #REF!
A32: I. EQUIPO
A34: DESCRIPCIÓN | G34: TIPO | I34: TARIFA/HORA | J34: RENDIMIENTO | L34: Vr. UNITARIO
A35: Herramienta menor | L35: =0.1*L70 -> 1079.7248
A40: SUBTOTAL $ | L40: =SUM(L35:L39) -> 1079.7248
A42: II. MATERIALES
A44: DESCRIPCIÓN | H44: UNIDAD | I44: CANTIDAD | J44: PRECIO UNIT. | L44: Vr. UNITARIO
A45: Llamina PVC , espesor 5mm machihembrado | H45: M2 | I45: 1 | J45: 22900 | L45: =I45*J45 -> 22900
A46: Paral 39 C-26 | H46: UND | I46: 0.2 | J46: 12784.228 | L46: =I46*J46 -> 2556.8457
A47: Omega C-26 | H47: UND | I47: 0.7 | J47: 6392.1142 | L47: =I47*J47 -> 4474.4799
A48: Angulo perimetral C-26 | H48: UND | I48: 0.5 | J48: 4261.4095 | L48: =I48*J48 -> 2130.7047
A49: Angulo pvc | H49: UND | I49: 0.2 | J49: 24012.45 | L49: =I49*J49 -> 4802.49
L50: =I50*J50 -> 0
A51: Tornilo No 7x7/16 x100 gr | H51: UND | I51: 30 | J51: 20 | L51: =I51*J51 -> 600
A52: Tornilo No 6x1 x100 gr | H52: UND | I52: 30 | J52: 20 | L52: =I52*J52 -> 600
A53: Alambre gavanizado No14 | H53: KG | I53: 0.5 | J53: 9375.1008 | L53: =I53*J53 -> 4687.5504
L54: =I54*J54 -> 0
L55: =I55*J55 -> 0
A56: SUBTOTAL $ | L56: =SUM(L45:L55) -> 42752.071
A58: III. TRANSPORTES
A60: MATERIAL | F60: UNIDAD | G60: CANTIDAD (1) | H60: DISTANCIA (2) | I60: CANTIDAD * DISTANCIA (1) * (2) | J60: TARIFA | L60: Vr. UNITARIO
A63: SUBTOTAL $ | L63: =SUM(L61:L62) -> 0
A65: IV. MANO DE OBRA
A67: DESCRIPCIÓN | G67: JORNAL | H67: PRESTACIONES | I67: JORNAL TOTAL | J67: RENDIMIENTO | L67: Vr. UNITARIO
A68: OBREROS (1) | G68: =1750905/30 -> 58363.5 | H68: 1.85 | I68: =+G68*H68 -> 107972.48 | J68: 30 | L68: =+I68/J68 -> 3599.0825
A69: OFICIAL | G69: =+G68*2 -> 116727 | H69: 1.85 | I69: =+G69*H69 -> 215944.95 | J69: 30 | L69: =+I69/J69 -> 7198.165
A70: SUBTOTAL $ | L70: =SUM(L68:L69) -> 10797.247
A72: TOTAL COSTO DIRECTO $ | L72: =+L40+L56+L63+L70 -> 54629.043
A74: V. COSTOS INDIRECTOS
A76: DESCRIPCIÓN | I76: Porcentaje | J76: Valor Total
A77: ADMINISTRACIÓN | I77: 0.2 | J77: =+$L$72*I77 -> 10925.809
A78: IMPREVISTOS | I78: 0.03 | J78: =+$L$72*I78 -> 1638.8713
A79: UTILIDAD | I79: 0.05 | J79: =+$L$72*I79 -> 2731.4521
A80: SUBTOTAL $ | L80: =SUM(J77:K79) -> 15296.132
A82: Precio Unitario Total Aproximado al peso $ | L82: =ROUND(L72+L80,0) -> 69925
D87: Firma
D88: Nombre:
D89: Representante Legal del Contratista o su Apoderado
D90: Matricula No. :
A92: OBSERVACIONES INTERVENTORÍA:
A98: APROBACIÓN POR INTERVENTORÍA
A99: Nota 1: Cuando se trate de Análisis de precios unitarios correspondientes a ítems de la propuesta económica aprobada, el Interventor aprueba el desglose de los componentes manteniendo el mismo precio unitario de cada ítem, cumpliendo con las especificaciones de construcción vigentes para el proyecto.
A101: Nota 2: Cuando se trate de Análisis de precios unitarios de ítems no previstos, el Interventor aprueba el desglose y precio unitario de cada ítem no previsto, exigiendo la aplicación de los costos correspondientes a insumos y tarifas de la propuesta económica inicial cuando estén contemplados, cumpliendo con las especificaciones de construcción vigente para el proyecto.
D107: Firma
D108: Nombre:
D109: Representante Legal del Interventor o su Apoderado
D110: Matricula No. :
A112: Original: Archivo de Gestión del Contrato (Subdirección Administrativa).
A113: Copias: Unidad Ejecutora, Contratista, Interventor y Dirección Territorial.

Sheet 2,10
I1: CÓDIGO | J1: MINFRA-MN-IN-10-FR-1
B2: INSTITUTO NACIONAL DE VÍAS
B3: PROCESO DE GESTIÓN DE LA INFRAESTRUCTURA VIAL | I3: VERSIÓN | J3: 1
B4: MANUAL DE INTERVENTORÍA OBRA PÚBLICA
B5: ANÁLISIS DE PRECIOS UNITARIOS | I5: PÁGINA | K5: DE
I8: FECHA
J9: (Día) | K9: (Mes) | L9: (Año)
A10: ITEMS DE LA PROPUESTA ECONÓMICA | G10: ITEMS NO PREVISTOS
A11: UNIDAD EJECUTORA: | H11: DIRECCIÓN TERRITORIAL: | I11: NARIÑO
A14: CONTRATO No. | C14: DE
A15: OBJETO DEL CONTRATO:
A18: CARRETERA: | H18: SECTOR:
A20: CONTRATISTA:
A22: INTERVENTOR: | I22: CTO No.: | K22: DE
A24: FECHA CIERRE PROCESO DE SELECCIÓN CONTRATO DE OBRA:
E25: (Día) | G25: (Mes) | H25: (Año)
A27: DATOS ESPECÍFICOS
A29: ITEM | B29: DESCRIPCIÓN | I29: GRUPO DE AJUSTE | J29: UNIDAD | L29: CANTIDAD
A30: =+#REF! -> #REF! | B30: =+#REF! -> #REF! | J30: =+#REF! -> #REF!
A32: I. EQUIPO
A34: DESCRIPCIÓN | G34: TIPO | I34: TARIFA/HORA | J34: RENDIMIENTO | L34: Vr. UNITARIO
A35: HERRAMIENTA MENOR | L35: =0.05*L65 -> 3239.1743
A40: SUBTOTAL $ | L40: =SUM(L35:L39) -> 3239.1743
A42: II. MATERIALES
A44: DESCRIPCIÓN | H44: UNIDAD | I44: CANTIDAD | J44: PRECIO UNIT. | L44: Vr. UNITARIO
A45: Concreto 3000 PSI | H45: m3 | I45: 1 | J45: 750000 | L45: =+I45*J45 -> 750000
L46: =+I46*J46 -> 0
L47: =+I47*J47 -> 0
A51: SUBTOTAL $ | L51: =SUM(L45:L50) -> 750000
A53: III. TRANSPORTES
A55: MATERIAL | F55: UNIDAD | G55: CANTIDAD (1) | H55: DISTANCIA (2) | I55: CANTIDAD * DISTANCIA (1) * (2) | J55: TARIFA | L55: Vr. UNITARIO
A58: SUBTOTAL $ | L58: =SUM(L56:L57) -> 0
A60: IV. MANO DE OBRA
A62: DESCRIPCIÓN | G62: JORNAL | H62: PRESTACIONES | I62: JORNAL TOTAL | J62: RENDIMIENTO | L62: Vr. UNITARIO
A63: OBREROS (1) | G63: =1750905/30 -> 58363.5 | H63: 1.85 | I63: =+G63*H63 -> 107972.48 | J63: 5 | L63: =+I63/J63 -> 21594.495
A64: OFICIAL (1) | G64: =+G63*2 -> 116727 | H64: 1.85 | I64: =+G64*H64 -> 215944.95 | J64: 5 | L64: =+I64/J64 -> 43188.99
A65: SUBTOTAL $ | L65: =SUM(L63:L64)+L49 -> 64783.485
A67: TOTAL COSTO DIRECTO $ | L67: =+L40+L51+L58+L65 -> 818022.66
A69: V. COSTOS INDIRECTOS
A71: DESCRIPCIÓN | I71: Porcentaje | J71: Valor Total
A72: ADMINISTRACIÓN | I72: 0.2 | J72: =+$L$67*I72 -> 163604.53
A73: IMPREVISTOS | I73: 0.03 | J73: =+$L$67*I73 -> 24540.68
A74: UTILIDAD | I74: 0.05 | J74: =+$L$67*I74 -> 40901.133
A75: SUBTOTAL $ | L75: =SUM(J72:K74) -> 229046.34
A77: Precio Unitario Total Aproximado al peso $ | L77: =ROUND(L67+L75,0) -> 1047069
D82: Firma
D83: Nombre:
D84: Representante Legal del Contratista o su Apoderado
D85: Matricula No. :
A87: OBSERVACIONES INTERVENTORÍA:
A93: APROBACIÓN POR INTERVENTORÍA
A94: Nota 1: Cuando se trate de Análisis de precios unitarios correspondientes a ítems de la propuesta económica aprobada, el Interventor aprueba el desglose de los componentes manteniendo el mismo precio unitario de cada ítem, cumpliendo con las especificaciones de construcción vigentes para el proyecto.
A96: Nota 2: Cuando se trate de Análisis de precios unitarios de ítems no previstos, el Interventor aprueba el desglose y precio unitario de cada ítem no previsto, exigiendo la aplicación de los costos correspondientes a insumos y tarifas de la propuesta económica inicial cuando estén contemplados, cumpliendo con las especificaciones de construcción vigente para el proyecto.
D102: Firma
D103: Nombre:
D104: Representante Legal del Interventor o su Apoderado
D105: Matricula No. :
A107: Original: Archivo de Gestión del Contrato (Subdirección Administrativa).
A108: Copias: Unidad Ejecutora, Contratista, Interventor y Dirección Territorial.
